AoeStats
← Pillage The Village

MegaRandom

503179807Analyzed
1v1 RM · 1mo ago on Aug 30, 2026· 38m 47s· 2 players
Game mode
Random Map
Map size
Tiny (2 player)
Population
200
Speed
Normal
Resources
Standard
Victory
Conquest
Starting age
Dark Age
Ending age
Imperial Age
RankedLock teamsTeams togetherTeam positionsShared explorationLock speedFull tech treeHidden civsTurbo modeCheats
Victory
Defeat
🇧🇪 Persians · Belgium
1469
+16
🇲🇽 Mongols · Mexico
1471
-16
Pillage The Village
0:31 Loom
7:57 Feudal Age
9:12 Double-Bit Axe
21:03 Castle Age
19:21 Gold Mining
19:18 Horse Collar
19:46 Fletching
20:23 Padded Archer Armor
20:51 Crossbowman
21:33 Bodkin Arrow
24:18 Ballistics
26:40 Leather Archer Armor
28:58 Bow Saw
35:33 Imperial Age
34:19 Kamandaran
36:27 Ring Archer Armor
37:00 Chemistry
36:26 Heavy Plow
37:28 Two-Man Saw
38:17 Wheelbarrow
39:02 Husbandry
39:12 Bloodlines
38:23 Cavalier
NecroSorcererII
0:31 Loom
9:08 Feudal Age
10:28 Double-Bit Axe
22:19 Castle Age
21:20 Horse Collar
22:29 Scale Barding Armor
24:08 Husbandry
24:45 Forging
24:19 Light Cavalry
31:09 Fletching
35:41 Ballistics
37:10 Bodkin Arrow
37:16 Padded Archer Armor
41:10 Imperial Age
Connection lost

Rejoining the realm…

Still unreachable

The connection could not be restored.

Session expired

The server has moved on; the page needs a fresh start.